[Event "Early-Titled-Tuesday-Blitz-September-26-2023"]
[Site "Chess.com"]
[Date "2023.09.26"]
[Round "7"]
[White "xxysoul6"]
[Black "moro182"]
[Result "0-1"]
[WhiteElo "3007"]
[BlackElo "2842"]
[TimeControl "180+1"]
[EndTime "9:18:58 PDT"]
[Termination "moro182 won by resignation"]

1. e4 e5 2. Nf3 d6 3. Nc3 Nf6 4. d4 exd4 5. Nxd4 Be7 6. g3 O-O 7. Bg2 Re8 8. O-O Bf8 9. Re1 c6 10. a4 a5 11. Bg5 h6 12. Bf4 Nbd7 13. Nf5 Ne5 14. Qd4 Ng6 15. Be3 d5 16. Rad1 c5 17. Qd2 d4 18. Nb5 Nxe4 19. Bxe4 Rxe4 20. Nxh6+ gxh6 21. Bxh6 Rxe1+ 22. Rxe1 Bd7 23. Bxf8 Nxf8 24. Nd6 Qf6 25. Ne4 Qg6 26. Nxc5 Bh3 27. Re5 Qc6 28. Ne4 Ng6 29. Qg5 Kg7 30. Re7 d3 31. cxd3 Rc8 0-1

[Event "Early-Titled-Tuesday-Blitz-September-26-2023"]
[Site "Chess.com"]
[Date "2023.09.26"]
[Round "7"]
[White "AradNazari"]
[Black "Arteler"]
[Result "1-0"]
[WhiteElo "2799"]
[BlackElo "2583"]
[TimeControl "180+1"]
[EndTime "9:19:00 PDT"]
[Termination "AradNazari won by resignation"]

1. e4 e6 2. d4 d5 3. e5 c5 4. c3 Qb6 5. Nf3 Nc6 6. a3 Nh6 7. Bd3 cxd4 8. O-O Be7 9. b4 Nf5 10.
Bb2 dxc3 11. Nxc3 Qd8 12. Bxf5 exf5 13. Nxd5 Be6 14. Nxe7 Qxe7 15. b5 Rd8 16. Qa4 Nb8 17. Qxa7 O-O 18. a4 Rfe8 19. Ba3 Qd7 20. Bd6 Bd5 21. Ra3 f6 22. Bxb8 Rxb8 23. exf6 gxf6 24. Qd4 Qf7 25. Qf4 Qh5 26. Nh4 Re5 27. Rg3+ Kf7 28. Nf3 Bxf3 29. Rxf3 Rbe8 30. Qc4+ Kg7 31. h3 Kh8 32.
Rg3 R5e7 33. Qd4 Qf7 34. Rd1 Re4 35. Qd7 Qxd7 36. Rxd7 Rg8 37. Rxg8+ Kxg8 38. a5 Ra4 39. a6 bxa6 40. b6 1-0

[Event "Early-Titled-Tuesday-Blitz-September-26-2023"]
[Site "Chess.com"]
[Date "2023.09.26"]
[Round "7"]
[White "MAGMAchess02"]
[Black "Shockerlover"]
[Result "1-0"]
[WhiteElo "2389"]
[BlackElo "1979"]
[TimeControl "180+1"]
[EndTime "9:19:00 PDT"]
[Termination "MAGMAchess02 won by checkmate"]

1. e4 c5 2. Nc3 Nc6 3. Bb5 e6 4. Bxc6 bxc6 5. f4 d5 6. d3 Nf6 7. Nf3 Be7 8. O-O O-O 9. Qe1 c4 10. dxc4 d4 11. Na4 c5 12. b3 Bb7 13. Nd2 Ng4 14. Nf3 Nf6 15. e5 Ne4 16. Nd2 Nxd2 17. Bxd2 f6 18. Nb2 fxe5 19. Qxe5 Qb6 20. Rae1 Rf6 21.
Nd3 Qc6 22. Rf2 Rg6 23. Qe2 Bh4 24. Ref1 Bxf2+ 25. Rxf2 Rf8 26. Ne5 Qe8 27. Nxg6 Qxg6 28. Ba5 h6 29. Bc7 Rf5 30. Qd3 Qf7 31. Be5 Rh5 32.
Qg3 Be4 33. Re2 Bf5 34. Qf3 Qg6 35. Qa8+ Kh7 36. Qxa7 Bxc2 37. Rxc2 Qxc2 38. Qxg7# 1-0

[Event "Early-Titled-Tuesday-Blitz-September-26-2023"]
[Site "Chess.com"]
[Date "2023.09.26"]
[Round "7"]
[White "MikeSailer"]
[Black "JoliyRoger"]
[Result "0-1"]
[WhiteElo "2222"]
[BlackElo "2509"]
[TimeControl "180+1"]
[EndTime "9:19:01 PDT"]
[Termination "JoliyRoger won on time"]

1. d4 Nf6 2. Nc3 d5 3. Bf4 c6 4. Nf3 Bf5 5. e3 e6 6. Ne5 Bd6 7. g4 Bxe5 8. dxe5 Nxg4 9. h3 Nh6 10. Bxh6 gxh6 11. Qh5 Qg5 12. Be2 Qxh5 13. Bxh5 Bxc2 14. Rg1 Bg6 15. Bf3 Nd7 16. h4 Nxe5 17. Be2 h5 18. f4 Nd3+ 19. Bxd3 Bxd3 20. Kd2 Bg6 21. Rae1 O-O-O 22. Kc1 d4 23. exd4 Rxd4 24. Ref1 Rhd8 25. Rf2 Kc7 26. Rg5 b6 27. Re5 a6 28. Rg5 b5 29.
Rg3 Rd3 30. Rg5 Rh3 31. f5 Bxf5 32. Rxh5 Bg6 33. Rh6 Rd4 34. h5 Rxh5 35. Rxh5 Bxh5 0-1

[Event "Early-Titled-Tuesday-Blitz-September-26-2023"]
[Site "Chess.com"]
[Date "2023.09.26"]
[Round "7"]
[White "Likvidator228"]
[Black "jjlai1111"]
[Result "0-1"]
[WhiteElo "2519"]
[BlackElo "2366"]
[TimeControl "180+1"]
[EndTime "9:19:03 PDT"]
[Termination "jjlai1111 won by resignation"]

1. d4 d5 2. Nf3 Nf6 3. Bf4 c5 4.
e3 Nc6 5. Nbd2 e6 6. c3 Qb6 7. Rb1 a5 8. Bd3 c4 9. Bc2 Qd8 10. a4 Bd6 11. Bg3 Qc7 12. e4 Bxg3 13. hxg3 dxe4 14. Nxe4 Nxe4 15. Bxe4 h6 16. Qe2 Ne7 17.
Ne5 Bd7 18. Ra1 Rc8 19. Qf3 O-O 20. Rxh6 gxh6 21. Qg4+ Kh8 22. Qh4 Ng8 23. Kd2 Qd8 24.
Qf4 Qe7 25. Rh1 Kg7 26. Qg4+ Kh8 27. Qf4 Kg7 28. Rh4 f5 29. Nxd7 Qxd7 30. Qe5+ Rf6 31. Bc2 Qc7 32. Qe3 Re8 33. g4 fxg4 34. Rxg4+ Kh8 35. g3 e5 36. d5 Qd7 37. Qe4 Rxf2+ 38.
Ke1 Rxc2 39. Qxc2 Qxg4 0-1

[Event "Early-Titled-Tuesday-Blitz-September-26-2023"]
[Site "Chess.com"]
[Date "2023.09.26"]
[Round "7"]
[White "lrestevez"]
[Black "LeoWin2012"]
[Result "0-1"]
[WhiteElo "2195"]
[BlackElo "2323"]
[TimeControl "180+1"]
[EndTime "9:19:03 PDT"]
[Termination "LeoWin2012 won by resignation"]

1. e4 c5 2. Nf3 e6 3. d4 cxd4 4. Nxd4 Nc6 5. Nc3 a6 6. Be3 Nf6 7. Nxc6 bxc6 8. Bd3 d5 9. exd5 cxd5 10. O-O Be7 11. Ne2 O-O 12. c3 Bb7 13. Rc1 Rc8 14. Bb1 Bc5 15. Bxc5 Rxc5 16. Nd4 Qb6 17. Qe2 Rfc8 18.
Rfe1 Qd6 19. Bd3 Ra5 20. a3 Nd7 21. Qh5 Nf6 22. Qh4 Ra4 23. Nf5 Rxh4 24. Nxd6 Rc7 25. Nxb7 Rxb7 26. Bxa6 Rxb2 27. Rb1 Rxb1 28. Rxb1 g5 29.
Bb5 Ne4 30. Rc1 Nd6 31. Bf1 Ra4 32. Ra1 Ne4 33. g3 Nxc3 34. Bd3 d4 35. Bc2 Ra5 36. a4 e5 37. Kf1 Kg7 38. Bb3 f5 39. h3 Kf6 40.
Re1 e4 41. Ra1 d3 42. Kg2 Ke5 43. h4 gxh4 44. gxh4 Kd4 45. Bg8 Rxa4 46. Rxa4+ Nxa4 47. Bxh7 d2 0-1

[Event "Early-Titled-Tuesday-Blitz-September-26-2023"]
[Site "Chess.com"]
[Date "2023.09.26"]
[Round "7"]
[White "DonkyDonkyDonkey"]
[Black "Iskusnyh"]
[Result "1-0"]
[WhiteElo "2750"]
[BlackElo "2595"]
[TimeControl "180+1"]
[EndTime "9:19:04 PDT"]
[Termination "DonkyDonkyDonkey won on time"]

1. d4 d5 2. Nc3 Nf6 3. Bf4 c5 4. e3 cxd4 5. exd4 Bg4 6. Nf3 Nc6 7. Bb5 Rc8 8. h3 Bxf3 9. Qxf3 e6 10. O-O Be7 11. Ne2 a6 12. Bd3 Nb4 13. c3 Nxd3 14. Qxd3 O-O 15. Be5 Nd7 16. Bg3 b5 17. f4 f5 18. Kh1 Nf6 19. Ng1 Ne4 20. Be1 Bd6 21. Qe3 Qc7 22. Ne2 Kh8 23. Ng3 Qc4 24.
Rf3 b4 25. b3 Qb5 26. Nxe4 fxe4 27. c4 Qb8 28. Rf1 Bxf4 29. Qe2 Bd6 30. c5 Bc7 31. Qxa6 Qa8 32. Rxf8+ Rxf8 33. Qxa8 Rxa8 34. Bxb4 Kg8 35. Bc3 Kf7 36. a4 e5 37. b4 Ke6 38. b5 Ba5 39. Bxa5 Rxa5 40. b6 Ra8 41. a5 exd4 42.
b7 Rf8 43. a6 e3 44. a7 e2 45. a8=Q Rf1+ 46. Kh2 d3 47. b8=Q 1-0

[Event "Early-Titled-Tuesday-Blitz-September-26-2023"]
[Site "Chess.com"]
[Date "2023.09.26"]
[Round "7"]
[White "TatjanaVasilevich"]
[Black "Goryachkina"]
[Result "1-0"]
[WhiteElo "2576"]
[BlackElo "2673"]
[TimeControl "180+1"]
[EndTime "9:19:04 PDT"]
[Termination "TatjanaVasilevich won on time"]

1. Nf3 d5 2. b3 Bg4 3. Ne5 Bf5 4. g4 Bg6 5. h4 f6 6. Nxg6 hxg6 7. d4 e6 8. Qd3 Kf7 9. Bb2 c6 10. f4 Bd6 11. e3 Ne7 12. Nd2 Nd7 13. Nf3 a5 14. a4 Qc7 15. Be2 Rad8 16. O-O-O c5 17. Rdf1 Ke8 18. h5 gxh5 19. Rxh5 Rxh5 20. gxh5 Nf5 21. Nd2 cxd4 22. Bxd4 Rc8 23. Bg4 Nxd4 24. exd4 f5 25. Bxf5 exf5 26. Qxf5 Nf6 27. h6 gxh6 28.
Re1+ Be7 29. c4 Kf8 30. Qh3 dxc4 31. Qxh6+ Kf7 32. Nxc4 Bd6 33. Kb2 Bxf4 34. Qh3 Qd7 35.
Qxd7+ Nxd7 36. Rf1 Ke6 37. Rxf4 Rg8 38. Nxa5 Kd5 39.
Nxb7 Rg2+ 40. Ka3 Rc2 41. Nc5 Nxc5 42. dxc5 Kxc5 43. Rf5+ Kb6 44. Kb4 Re2 45. Rf6+ Kb7 46.
Ka3 Re3 47. a5 Re1 48. Ka4 Re5 49. b4 Rh5 50. Rf7+ Kb8 51. a6 Rg5 52. b5 Rh5 53. Ka5 Rg5 54. Rf6 Rg7 55. Rf5 Kc7 56. b6+ Kc6 57.
Rf6+ Kc5 58. a7 Rg1 59. Rf5+ Kc4 60. Ka6 1-0

[Event "Early-Titled-Tuesday-Blitz-September-26-2023"]
[Site "Chess.com"]
[Date "2023.09.26"]
[Round "7"]
[White "Rutricks"]
[Black "ellatambien"]
[Result "0-1"]
[WhiteElo "2682"]
[BlackElo "2523"]
[TimeControl "180+1"]
[EndTime "9:19:05 PDT"]
[Termination "ellatambien won by resignation"]

1. Nf3 d5 2. b3 Nf6 3. Bb2 Bf5 4. e3 e6 5. Be2 h6 6. O-O Nbd7 7. c4 c6 8. Nc3 Bd6 9. h3 O-O 10. Na4 e5 11. d4 e4 12. Ne5 Qe7 13. Nxd7 Bxd7 14.
Nc5 Bc8 15. Rc1 b6 16. Na4 Bb8 17. cxd5 cxd5 18. Rc6 Bd7 19. Qc1 Bxc6 20. Qxc6 Qd6 21. Qxd6 Bxd6 22. Ba6 Rab8 23. Rc1 b5 24. Nc3 Rb6 25.
Bxb5 Rc8 26. a3 Rxc3 27. Rxc3 Rxb5 28. Rc8+ Kh7 29. b4 Rb8 30. Rc6 Ne8 31. Ra6 Rb7 32. f3 f5 33. Bc3 Kg8 34. Be1 Kf7 35.
Kf2 Ke7 36. Ke2 Kd7 37. h4 Nc7 38. Ra5 a6 39. g4 exf3+ 40. Kxf3 fxg4+ 41. Kxg4 Rb5 42. Ra4 Rb8 43. Ra5 Re8 44. Bf2 Re4+ 45. Kh3 g5 46. hxg5 hxg5 47. Kg2 g4 48. Bg1 Re8 49.
Bf2 Rf8 50. Be1 Rf3 51. Bd2 Rg3+ 52. Kf2 Rh3 53. a4 Rh2+ 54. Ke1 g3 55. e4 Rh1+ 56. Ke2 g2 57. Be3 g1=Q 58. Bxg1 Rxg1 59. e5 Bxb4 0-1

[Event "Early-Titled-Tuesday-Blitz-September-26-2023"]
[Site "Chess.com"]
[Date "2023.09.26"]
[Round "7"]
[White "ARMQUEEN"]
[Black "Doomfist26"]
[Result "1-0"]
[WhiteElo "2451"]
[BlackElo "2591"]
[TimeControl "180+1"]
[EndTime "9:19:05 PDT"]
[Termination "ARMQUEEN won by resignation"]

1. e4 c5 2. Nc3 Nc6 3. Bb5 Nf6 4.
Bxc6 bxc6 5. d3 d5 6. Qe2 e6 7. f4 Be7 8. Nf3 O-O 9. O-O Ba6 10. b3 Qb6 11. Kh1 Rfd8 12. f5 exf5 13. exf5 Bd6 14. Na4 Qc7 15. Ba3 Re8 16. Qf2 Ng4 17. Qh4 Ne3 18. f6 g6 19. Rf2 Nf5 20. Qh3 Re3 21. Bxc5 Bxc5 22. Nxc5 Bc8 23. g4 Qd6 24.
gxf5 Qxc5 25. Qh6 Qf8 26. Qxe3 Bxf5 27. Re1 Qd6 28. Nd4 Bd7 29. Qe7 Qxe7 30. Rxe7 Bg4 31.
Kg2 h5 32. Nxc6 Rc8 33. Ne5 Bf5 34. Nxf7 Kf8 35. Nd6 1-0

[Event "Early-Titled-Tuesday-Blitz-September-26-2023"]
[Site "Chess.com"]
[Date "2023.09.26"]
[Round "7"]
[White "Squirlolz"]
[Black "JimDiGrease"]
[Result "0-1"]
[WhiteElo "2554"]
[BlackElo "2852"]
[TimeControl "180+1"]
[EndTime "9:19:06 PDT"]
[Termination "JimDiGrease won on time"]

1. e4 c5 2. Nf3 e6 3. d3 Nc6 4. g3 d5 5. Nbd2 Nf6 6. Bg2 g6 7. O-O Bg7 8. Re1 O-O 9. c3 a5 10. a4 b6 11. e5 Nd7 12. d4 Ba6 13. h4 cxd4 14. cxd4 Nb4 15. h5 Rc8 16. Nb3 Nc2 17. h6 Bh8 18. Bg5 Qe8 19. Nh2 Nxe1 20. Qxe1 Bd3 21.
Ng4 Bf5 22. Ne3 Bc2 23. Nd2 f6 24. exf6 Bxf6 25. Bxf6 Nxf6 26. Nf3 Be4 27. Ng5 Bxg2 28. Nxg2 Ng4 29. Nf4 Nxh6 30. Ngxe6 Rf6 31. Qe5 Ng4 32. Qxd5 Qf7 33. Re1 Re8 34. Qb3 g5 35. Qf3 gxf4 36. Qxg4+ Rg6 37. Qh3 Rexe6 38. Rc1 fxg3 0-1

[Event "Early-Titled-Tuesday-Blitz-September-26-2023"]
[Site "Chess.com"]
[Date "2023.09.26"]
[Round "7"]
[White "Keeper0416"]
[Black "Kaiyrbekov"]
[Result "1-0"]
[WhiteElo "2574"]
[BlackElo "1647"]
[TimeControl "180+1"]
[EndTime "9:19:06 PDT"]
[Termination "Keeper0416 won on time"]

1. d4 Nf6 2. Bf4 d6 3. Nc3 Nbd7 4. Nf3 c5 5. d5 b5 6. Nxb5 Qa5+ 7. Nc3 Rb8 8. Qc1 Nxd5 9. Bd2 Nxc3 10. Bxc3 Qc7 11. e4 e5 12. Nd2 Be7 13. Bc4 O-O 14. O-O Bb7 15. Qe1 Kh8 16. Rd1 f5 17. f4 fxe4 18. Nxe4 Nb6 19. Be6 Qc6 20. fxe5 Rxf1+ 21. Kxf1 dxe5 22.
Bxe5 Rf8+ 23. Kg1 Qxe6 24. Ng3 Qg6 25. Bc3 Bd6 26. Rd3 1-0

[Event "Early-Titled-Tuesday-Blitz-September-26-2023"]
[Site "Chess.com"]
[Date "2023.09.26"]
[Round "7"]
[White "leejunhyeok"]
[Black "imdvb6307"]
[Result "0-1"]
[WhiteElo "2641"]
[BlackElo "2486"]
[TimeControl "180+1"]
[EndTime "9:19:06 PDT"]
[Termination "imdvb6307 won by resignation"]

1. e4 Nc6 2. Nf3 d6 3. d4 Nf6 4. Nc3 Bg4 5. Bb5 a6 6. Bxc6+ bxc6 7. h3 Bh5 8. g4 Bg6 9. Qe2 e6 10. h4 h5 11. g5 Nd7 12. Be3 Qb8 13. O-O-O d5 14.
Bf4 Qb7 15. Ne5 Nxe5 16. Bxe5 a5 17. exd5 cxd5 18. Qb5+ Qxb5 19. Nxb5 Kd7 20. Rh3 c6 21. Nc3 a4 22. a3 Rg8 23. Na2 Be7 24. Nb4 f6 25.
Bf4 fxg5 26. Bxg5 Bxg5+ 27. hxg5 Rgf8 28. Nd3 Bxd3 29. Rdxd3 g6 30. Rdf3 Rf5 31. Rxf5 exf5 32. Re3 Re8 33. Kd2 f4 34. Rxe8 Kxe8 35. Ke2 h4 36.
Kf3 h3 37. b3 axb3 38. cxb3 Kd7 39. a4 c5 40. dxc5 d4 41. b4 d3 42. b5 d2 43. c6+ Kd6 0-1

[Event "Early-Titled-Tuesday-Blitz-September-26-2023"]
[Site "Chess.com"]
[Date "2023.09.26"]
[Round "7"]
[White "Zohid6"]
[Black "Msb2"]
[Result "0-1"]
[WhiteElo "2782"]
[BlackElo "3084"]
[TimeControl "180+1"]
[EndTime "9:19:09 PDT"]
[Termination "Msb2 won by resignation"]

1. d4 d5 2. Nc3 e6 3. Bf4 c5 4. e3 a6 5. Nf3 Nc6 6. Bd3 c4 7. Be2 Bb4 8. O-O Bxc3 9. bxc3 Nf6 10. a4 Ne4 11. Ra3 Qe7 12. Qa1 O-O 13. Rb1 g5 14.
Bg3 h5 15. h4 g4 16. Nh2 Nxg3 17. fxg3 e5 18. Nf1 Bf5 19. Ra2 Rfe8 20. Rab2 b5 21. Rd1 exd4 22. cxd4 c3 23. Rb3 Bxc2 24. Qxc3 Bxd1 25.
Bxd1 bxa4 26. Rb6 Na7 27. Bxa4 Nb5 28. Qd3 Qe4 29. Qd2 Re6 30. Rb7 Rc8 31. Kh2 Nd6 32.
Ra7 Rf6 33. Qe2 Nf5 34. Nd2 Qxe3 35. Qxe3 Nxe3 36. Re7 Nf1+ 37. Nxf1 Rxf1 38. Bc6 a5 39. Ra7 Rb8 40. Bb5 Rd1 41. Rxa5 Rxd4 42. Bc6 Rd8 43.
Kh1 Kg7 44. Kg1 Rd6 45. Rc5 Rc4 0-1

[Event "Early-Titled-Tuesday-Blitz-September-26-2023"]
[Site "Chess.com"]
[Date "2023.09.26"]
[Round "7"]
[White "PeshkaCh"]
[Black "nikitakhoroshev"]
[Result "0-1"]
[WhiteElo "2796"]
[BlackElo "2695"]
[TimeControl "180+1"]
[EndTime "9:19:09 PDT"]
[Termination "nikitakhoroshev won by checkmate"]

1. Nf3 Nf6 2. d4 c5 3. c4 cxd4 4. Nxd4 e5 5. Nb5 d5 6. cxd5 Qa5+ 7. N5c3 b5 8. a3 b4 9. Qa4+ Qxa4 10. Nxa4 Nxd5 11.
e4 Nb6 12. axb4 Bxb4+ 13. Nbc3 Nxa4 14. Rxa4 a5 15. Bd2 Bd7 16. Ra1 Nc6 17. Nd5 Bxd2+ 18.
Kxd2 O-O 19. Bb5 Rfd8 20. Rhc1 Nd4 21. Bxd7 Rxd7 22. Rc3 Rb7 23. Rxa5 Rd8 24. Ra2 f5 25. Ke3 f4+ 26. Kd3 Nb3 27. Ra3 Nd4 28. Ra2 Ne6 29.
f3 h5 30. Ra6 Nd4 31. b4 h4 32.
Rc4 h3 33. gxh3 Nxf3 34. Re6 Ra8 35. Re7 Rxe7 36. Nxe7+ Kf7 37. Nf5 g6 38. Rc7+ Kf6 39. Rc6+ Kf7 40. Rc7+ Kf6 41. Rc6+ Kg5 42. h4+ Kh5 43.
Ng7+ Kxh4 44. Rxg6 Ra3+ 45. Kc4 Kh3 46. Nf5 Nd2+ 47.
Kd5 f3 48. Kxe5 f2 49. Ng3 Rxg3 50. Rxg3+ Kxh2 51. Rg8 f1=Q 52. Rh8+ Kg1 53. Rg8+ Kf2 54. Rf8+ Nf3+ 55. Kf4 Qc1+ 56. Kf5 Qg5+ 57. Ke6 Qe5+ 58. Kd7 Qxe4 59. b5 Qb7+ 60. Ke8 Qxb5+ 61. Kf7 Qd7+ 62. Kg8 Kg3 63. Rf7 Qe6 64. Kh8 Ng5 65. Rg7 Kf4 66.
Rg6 Qe8+ 67. Kg7 Qf7+ 68. Kh8 Qh7# 0-1

[Event "Early-Titled-Tuesday-Blitz-September-26-2023"]
[Site "Chess.com"]
[Date "2023.09.26"]
[Round "7"]
[White "FMStan15"]
[Black "salomez"]
[Result "0-1"]
[WhiteElo "2096"]
[BlackElo "2306"]
[TimeControl "180+1"]
[EndTime "9:19:09 PDT"]
[Termination "salomez won on time"]

1. e4 c5 2. c3 Nf6 3. e5 Nd5 4. d4 cxd4 5. Nf3 e6 6. cxd4 d6 7. a3 Be7 8. Bd3 Nc6 9. O-O g5 10. h3 dxe5 11. dxe5 h5 12. Qe2 g4 13. hxg4 hxg4 14. Ne1 g3 15. Be3 Bc5 16. Nf3 Nxe3 17. fxe3 Qb6 18. Re1 Bd7 19. b4 Be7 20. Nc3 O-O-O 21.
Na4 Qc7 22. b5 Rh5 23. Kf1 Rh1+ 24. Ng1 Qxe5 25. bxc6 Bxc6 26. Rac1 Qf6+ 27. Qf3 Qh6 28. Rxc6+ Kd7 29. e4 Rh8 0-1

[Event "Early-Titled-Tuesday-Blitz-September-26-2023"]
[Site "Chess.com"]
[Date "2023.09.26"]
[Round "7"]
[White "Bilan_Danila"]
[Black "Javylavilla"]
[Result "1-0"]
[WhiteElo "2531"]
[BlackElo "2332"]
[TimeControl "180+1"]
[EndTime "9:19:10 PDT"]
[Termination "Bilan_Danila won by checkmate"]

1. d4 Nf6 2. Nf3 e6 3. g3 c5 4.
Bg2 Nc6 5. c4 d5 6. cxd5 exd5 7.
O-O Be7 8. Nc3 cxd4 9. Nxd4 O-O 10. Bg5 Be6 11. Nxe6 fxe6 12. Bh3 e5 13. Be6+ Kh8 14. Bxf6 Rxf6 15. Bxd5 Qb6 16. Bxc6 Qxc6 17. Nd5 Rd6 18. Nxe7 Qd7 19. Qb3 Qxe7 20. Rfd1 Rh6 21. Rac1 Rf8 22. Qd5 e4 23. Qc5 Qf7 24. Rd7 Qf6 25. Rcd1 e3 26.
Qxe3 Rh5 27. Qd4 Re5 28. Rd8 Ree8 29. Qxf6 gxf6 30. Rxe8 Rxe8 31. e3 Re7 32. Rd6 Kg7 33. Kg2 Kf7 34. Rd2 Rc7 35. f4 Ke6 36. Kf3 f5 37. h3 a6 38. g4 b5 39. gxf5+ Kxf5 40. Rd6 a5 41. e4# 1-0

[Event "Early-Titled-Tuesday-Blitz-September-26-2023"]
[Site "Chess.com"]
[Date "2023.09.26"]
[Round "7"]
[White "wadsy27"]
[Black "Kotofeyca"]
[Result "1-0"]
[WhiteElo "2613"]
[BlackElo "2380"]
[TimeControl "180+1"]
[EndTime "9:19:10 PDT"]
[Termination "wadsy27 won by checkmate"]

1. Nf3 d5 2. g3 c6 3. Bg2 Bg4 4. c4 e6 5. cxd5 exd5 6. d3 Nd7 7. O-O Ngf6 8. h3 Bh5 9. Nc3 Bc5 10. e4 dxe4 11.
dxe4 Bxf3 12. Bxf3 Ne5 13. Qxd8+ Rxd8 14. Be2 Nd3 15. Kg2 Nxc1 16. Raxc1 Bb4 17. e5 Nd5 18. Bc4 Nxc3 19. bxc3 Ba3 20. Rc2 Ke7 21. e6 fxe6 22. Re1 Rd6 23. Rce2 Kd8 24. Bxe6 Re8 25. f4 Rd3 26.
Bf5 Rxe2+ 27. Rxe2 Rxc3 28. Bxh7 Bd6 29. h4 a5 30. h5 a4 31. Kh3 b5 32. Kg4 b4 33.
Rh2 b3 34. axb3 axb3 35. h6 gxh6 36. Rxh6 Ke7 37. Bf5 Re3 38. Rh7+ Kf6 39. Rb7 c5 40. Bh7 c4 41. Bg8 Rc3 42. Rf7+ Kg6 43. f5+ Kh6 44.
Rh7# 1-0

[Event "Early-Titled-Tuesday-Blitz-September-26-2023"]
[Site "Chess.com"]
[Date "2023.09.26"]
[Round "7"]
[White "andrzej"]
[Black "NowInChess"]
[Result "1-0"]
[WhiteElo "2451"]
[BlackElo "2263"]
[TimeControl "180+1"]
[EndTime "9:19:10 PDT"]
[Termination "andrzej won on time"]

1. e4 e6 2. d4 d5 3. Nc3 Nc6 4. e5 f6 5. Nf3 fxe5 6. dxe5 Nh6 7. Bxh6 gxh6 8. Bd3 Bg7 9. Qe2 O-O 10. O-O-O Nb4 11.
Kb1 Nxd3 12. Rxd3 c5 13. Rhd1 b5 14. Nxb5 Ba6 15. a4 Rb8 16. Rc3 Qb6 17. Rb3 c4 18.
Rb4 Bb7 19. a5 Qxa5 20. c3 Bc6 21. Nbd4 Bd7 22. Rxb8 Rxb8 23. Nc2 Ba4 24. Nfd4 Bb3 25. Nb4 Rxb4 26. cxb4 Qa2+ 27. Kc1 Qa1+ 28. Kd2 Qxb2+ 29. Ke1 Qxe2+ 30. Kxe2 Bxd1+ 31. Kxd1 Bxe5 32. Nc6 Bd6 33. b5 Bc5 34. Nd8 e5 35. Ne6 Bb6 36. f3 d4 37. f4 Kf7 38. f5 Kf6 39. g4 h5 40.
h3 hxg4 41. hxg4 e4 42. Nf4 Kg5 43. Nd5 1-0

[Event "Early-Titled-Tuesday-Blitz-September-26-2023"]
[Site "Chess.com"]
[Date "2023.09.26"]
[Round "7"]
[White "Gabix_94"]
[Black "remi04"]
[Result "0-1"]
[WhiteElo "2706"]
[BlackElo "2834"]
[TimeControl "180+1"]
[EndTime "9:19:12 PDT"]
[Termination "remi04 won by checkmate"]

1. e4 c5 2. Nf3 d6 3. Nc3 a6 4. Be2 Nc6 5. d4 cxd4 6. Nxd4 Nf6 7. O-O g6 8. Nb3 Bg7 9. Bg5 O-O 10. Re1 Be6 11. Bf1 h6 12. Bh4 Nd7 13. Qd2 Nc5 14. Rad1 Nxb3 15. axb3 Qa5 16. Nd5 Qxd2 17. Rxd2 g5 18.
Bg3 Rac8 19. c3 Rfe8 20. h4 Ne5 21. f3 Ng6 22. hxg5 hxg5 23. b4 Be5 24. Bf2 Kg7 25. b5 axb5 26. Bxb5 Rh8 27. Ra1 Bxd5 28. Rxd5 Nf4 29.
Rdd1 Rh7 30. Kf1 Rch8 31. Bg1 Rh1 32. Rd2 R8h2 33. Rad1 Nh5 34. Bd7 Bg3 35. Bg4 Nf4 36. c4 Rh8 37. b4 Ra8 38. Rb2 Ra3 39. c5 dxc5 40. bxc5 Bh2 41. Kf2 Bxg1+ 42. Rxg1 Nd3+ 43. Kg3 Rxg1 44. Rxb7 Nxc5 45. Rxe7 Ra2 46. Bh5 Raxg2+ 47.
Kh3 Kh6 48. Bxf7 Nd3 49. Re6+ Kg7 50. Rg6+ Kxf7 51. Rxg5 Nf4+ 52. Kh4 Rh2# 0-1

[Event "Early-Titled-Tuesday-Blitz-September-26-2023"]
[Site "Chess.com"]
[Date "2023.09.26"]
[Round "7"]
[White "MITerryble"]
[Black "rasmussvane"]
[Result "0-1"]
[WhiteElo "2943"]
[BlackElo "3010"]
[TimeControl "180+1"]
[EndTime "9:19:13 PDT"]
[Termination "rasmussvane won by resignation"]

1. Nf3 d5 2. e3 Nf6 3. b3 Bf5 4. Bb2 e6 5. Be2 h6 6. O-O Bd6 7. d3 O-O 8. Nbd2 Bh7 9. Re1 Nbd7 10. Bf1 e5 11. e4 dxe4 12. Nxe4 Nxe4 13. dxe4 Qe7 14.
a3 Rfd8 15. Qe2 Nf6 16. Nd2 a5 17. g3 Bc5 18. Bg2 Ra6 19. Nc4 Bd4 20. c3 Ba7 21. Rad1 Rxd1 22. Rxd1 Bg6 23. b4 Bh5 24. Bf3 Bxf3 25.
Qxf3 Ne8 26. Qg4 Qf6 27. Rd2 Nd6 28. Nxa5 h5 29. Qe2 Qg6 30. Kg2 Nxe4 31. Rd8+ Kh7 32. f3 Ng5 33. Bc1 h4 34. Bxg5 Qxg5 35. Qe4+ Rg6 36.
g4 Qc1 37. Qe2 h3+ 38. Kg3 Qf4+ 39. Kxh3 Rh6+ 40. Kg2 Qxh2+ 0-1

[Event "Early-Titled-Tuesday-Blitz-September-26-2023"]
[Site "Chess.com"]
[Date "2023.09.26"]
[Round "7"]
[White "GianmarcoVaR"]
[Black "CSB7"]
[Result "0-1"]
[WhiteElo "2606"]
[BlackElo "2726"]
[TimeControl "180+1"]
[EndTime "9:19:13 PDT"]
[Termination "CSB7 won by resignation"]

1. e4 c5 2. c3 d5 3. exd5 Qxd5 4. d4 Nc6 5. Nf3 Bf5 6. Be3 cxd4 7. cxd4 Bxb1 8. Rxb1 e6 9. a3 Nf6 10. Bd3 Be7 11.
O-O O-O 12. Qe2 Rfd8 13. Rbc1 Rac8 14. Rfd1 h6 15. Bb1 Qh5 16. b4 Bd6 17. Qd3 Ne7 18. h3 Nf5 19. Rxc8 Rxc8 20. Bd2 Ne7 21. Re1 Nc6 22. Ne5 Bxe5 23. dxe5 Nxe5 24. Qd4 Nc6 25. Qe3 Rd8 26. Bc1 Rd1 27. Bb2 a6 28. Bc2 Rxe1+ 29. Qxe1 Qd5 30. Qc3 e5 31. Bb3 Qd7 32. Qe3 Nd4 33. Bc4 Qd6 34. Bd3 Kf8 35. Qe1 Nd5 36. Bf1 Nf4 37. g3 Nf3+ 38. Kh1 Nxe1 0-1

[Event "Early-Titled-Tuesday-Blitz-September-26-2023"]
[Site "Chess.com"]
[Date "2023.09.26"]
[Round "7"]
[White "KamlaPasand"]
[Black "Journey_to_GrandMaster_YT"]
[Result "0-1"]
[WhiteElo "2430"]
[BlackElo "2603"]
[TimeControl "180+1"]
[EndTime "9:19:14 PDT"]
[Termination "Journey_to_GrandMaster_YT won by resignation"]

1. e4 d6 2. d4 Nf6 3. Nf3 e5 4. dxe5 dxe5 5. Qxd8+ Kxd8 6. Nxe5 Be6 7. Bd3 Na6 8. O-O Nc5 9. Rd1 Bd6 10. Bc4 Ke7 11.
Bxe6 Kxe6 12. Nc4 Ncxe4 13. Nxd6 Nxd6 14. Nc3 Rad8 15. Bf4 Rhe8 16. Re1+ Kf5 17. Rxe8 Ndxe8 18. g3 c6 19. Re1 Rd7 20. Re5+ Kg6 21. Rg5+ Kh6 22.
Na4 g6 23. Nc5 Rd1+ 24. Kg2 Kg7 25. Nxb7 Nd5 26. c4 f6 27. cxd5 fxg5 28. Be5+ Kf7 29.
dxc6 Rc1 30. Na5 Rc5 31. Bc3 Ke6 32. Nb3 Rd5 33. Nd4+ Kd6 34. b4 a6 35. a4 Nc7 36.
Kf3 Ne6 37. Nxe6 Kxe6 38. Ke4 Rf5 39. c7 Kd7 40. Be5 Rxf2 41. b5 axb5 42. axb5 Rxh2 43. b6 Kc8 44. Kd5 Rd2+ 45. Kc6 Rc2+ 46. Kb5 Kb7 47. Bf6 Rc6 48. Bxg5 Rxb6+ 49. Kc5 Rc6+ 50. Kd5 Rxc7 51. Ke5 Rf7 52. Bf4 Kc6 53. Ke6 Rf5 54. Bb8 h5 55. Bf4 Kb5 56. Bb8 Kc4 57. Be5 Kd3 58. Bc7 Ke4 59. Bb8 Kf3 0-1

[Event "Early-Titled-Tuesday-Blitz-September-26-2023"]
[Site "Chess.com"]
[Date "2023.09.26"]
[Round "7"]
[White "DanielNaroditsky"]
[Black "Mikhail_Bryakin"]
[Result "1-0"]
[WhiteElo "3147"]
[BlackElo "2839"]
[TimeControl "180+1"]
[EndTime "9:19:15 PDT"]
[Termination "DanielNaroditsky won on time"]

1. e4 c6 2. Nf3 d5 3. exd5 cxd5 4. d4 Nc6 5. Bb5 Bd7 6. c4 Nf6 7. cxd5 Qa5+ 8. Nc3 Nxd5 9. Qb3 e6 10. O-O Nxc3 11.
bxc3 Be7 12. Bd3 Qc7 13. Re1 O-O 14. Bd2 Bf6 15. h4 h6 16. Bb1 h5 17. Qc2 g6 18.
Ng5 e5 19. Nxf7 Rxf7 20. Qxg6+ Kf8 21. Qxh5 Bg7 22. Bg6 Re7 23. Re3 e4 24. Rxe4 Be8 25.
Rf4+ Bf7 26. Rf3 Nd8 27. Bh6 Bxh6 28. Qxh6+ Ke8 29. Bf5 Ne6 30. Re1 Kd7 31. d5 Kd6 32. Bxe6 Bxe6 33. Rxe6+ Kc5 34. Qe3+ 1-0